 Dungeon Crawl Stone Soup version 0.23-a0-139-ga22e90c (webtiles) character file.

364 TheOrbIsALie the Conjurer (level 6, -8/41 HPs)
             Began as a Demonspawn Air Elementalist on Aug 30, 2018.
             Mangled by an ogre
             ... wielding a +0 giant club
              (21 damage)
             ... on level 4 of the Dungeon.
             The game lasted 00:07:37 (2599 turns).

TheOrbIsALie the Conjurer (DsAE)                    Turns: 2599, Time: 00:07:37

Health: -8/41      AC: 10    Str:  8    XL:     6   Next: 39%
Magic:  11/12      EV: 12    Int: 19    God:
Gold:   197        SH:  0    Dex: 13    Spells: 12/13 levels left

rFire    . . .     SeeInvis .   j - +0 dagger (elec)
rCold    . . .     Gourm    .   (no shield)
rNeg     . . .     Faith    .   a - +0 robe
rPois    .         Spirit   .   d - +0 helmet
rElec    .         Reflect  .   (no cloak)
rCorr    .         Harm     .   (no gloves)
MR       .....                  f - +0 pair of boots
Stlth    ++........             (no amulet)
HPRegen  0.13/turn              (no ring)
MPRegen  0.13/turn              (no ring)

@: sanguine armour, drained
A: powered by pain 1, sanguine armour 1
a: no special abilities


You were on level 4 of the Dungeon.
You were not hungry.

You visited 1 branch of the dungeon, and saw 4 of its levels.

You collected 197 gold pieces.

Inventory:

Hand Weapons
 j - a +0 dagger of electrocution (weapon)
Armour
 a - a +0 robe (worn)
 d - a +0 helmet (worn)
 f - a +0 pair of boots (worn)
Jewellery
 m - an uncursed ring of fire
Scrolls
 b - a scroll of immolation {unknown}
 e - a scroll of amnesia {unknown}
 h - 2 scrolls of remove curse
 i - 3 scrolls of identify {unknown}
 k - 2 scrolls of teleportation {unknown}
Comestibles
 c - 9 rations
 n - 5 chunks of flesh


   Skills:
 - Level 1.8(1.0) Dodging
 - Level 1.9(1.1) Stealth
 - Level 4.0(3.2) Spellcasting
 - Level 4.2(3.4) Conjurations
 + Level 3.8(3.1) Air Magic


You had 12 spell levels left.
You knew the following spells:

 Your Spells              Type           Power        Failure   Level  Hunger
a - Shock                 Conj/Air       ###.         3%          1    None

Your spell library contained the following spells:

 Spells                   Type           Power        Failure   Level  Hunger
 Swiftness                Chrm/Air       #.......     12%         2    ##.....
 Static Discharge         Conj/Air       ###.....     12%         3    ###....
 Confusing Touch          Hex            #.....       16%         1    None
 Airstrike                Air            ##........   38%         4    ####...
 Confuse                  Hex            #.......     41%         3    ###....
 Gell's Gravitas          Tloc           #.........   41%         3    ###....
 Lightning Bolt           Conj/Air       ###.......   71%         5    ######.
 Petrify                  Tmut/Erth      #.......     83%         4    ####...
 Metabolic Englaciation   Hex/Ice        #.........   99%         5    ######.
 Yara's Violent Unravell  Hex/Tmut       #.........   99%         5    ######.


Dungeon Overview and Level Annotations

Branches:
Dungeon (4/15)
 Temple: D:4-7

Altars:
Nemelex Xobeh
Okawaru
Zin


Innate Abilities, Weirdness & Mutations

You sometimes gain a little power by taking damage.
When seriously injured, your bleeding wounds create armour. (AC +6)


Message History

The zap hits the ogre.
The ogre is heavily wounded.
The zap hits the ogre.
The ogre is severely wounded.
The zap hits the hound.
The hound is almost dead.
The hound bites you. The ogre hits you with a giant club!
You focus on the pain.
You feel your power returning.
Your blood congeals into armour.
The hound bites you.
* * * LOW HITPOINT WARNING * * *
Casting: Shock (safe; 3% risk of failure)
Confirm with . or Enter, or press ? or * to list all spells.
Aiming: Shock (safe; 3% risk of failure)
Press: ? - help, Shift-Dir - straight line The zap misses the ogre.
The zap hits the ogre.
The ogre is severely wounded.
The zap misses the hound.
The zap hits something.
The hound bites you but does no damage. The ogre hits you with a giant club!!
Ouch! That really hurt!
You die...

.####
##........#
.#..#
##......##
#...##
##...o##
.....##
###..#
.÷....#
##O##
......##
#§.#
.......##
#§§#
#.......#
#{h##
####....#
##O@# #
###### ####


You could see an ogre and a hound.

Vanquished Creatures
  An orc priest (D:4)
  3 orc wizards
  An iguana (D:4)
  Natasha (thrice) (D:2)
  3 adders (D:2)
  3 gnolls (D:3)
  4 dart slugs
  3 leopard geckos
  6 orcs
  A ball python (D:1)
  2 giant cockroaches
  9 goblins
  6 hobgoblins
  3 quokkas
  3 bats
  2 frilled lizards (D:2)
  5 kobolds
  3 rats
61 creatures vanquished.

Vanquished Creatures (others)
  An orc wizard (D:4)
1 creature vanquished.

Grand Total: 62 creatures vanquished

Notes
Turn   | Place    | Note
-------+----------+-------------------------------------------
     0 | D:1      | TheOrbIsALie the Demonspawn Air Elementalist began the
                  | quest for the Orb.
     0 | D:1      | Reached XP level 1. HP: 13/13 MP: 3/3
   398 | D:1      | Gained mutation: When seriously injured, your bleeding
                  | wounds create armour. (AC +6) [demonic ancestry]
   398 | D:1      | Reached XP level 2. HP: 14/19 MP: 3/5
   901 | D:2      | Gained mutation: You sometimes gain a little power by
                  | taking damage. [demonic ancestry]
   901 | D:2      | Reached XP level 3. HP: 19/24 MP: 4/6
  1128 | D:2      | Found a sparkling altar of Nemelex Xobeh.
  1235 | D:2      | Found an iron altar of Okawaru.
  1237 | D:2      | Found a glowing silver altar of Zin.
  1519 | D:2      | Noticed Natasha
  1526 | D:2      | Killed Natasha
  1526 | D:2      | Reached XP level 4. HP: 22/30 MP: 0/7
  1574 | D:2      | Noticed Natasha
  1586 | D:2      | Killed Natasha
  1615 | D:2      | Noticed Natasha
  1623 | D:2      | Killed Natasha
  1623 | D:2      | Reached XP level 5. HP: 16/35 MP: 1/8
  2384 | D:4      | Reached XP level 6. HP: 27/41 MP: 7/12
  2599 | D:4      | Mangled by an ogre

Vault maps used:
D:1:      nagdon_arrival_double_spiral
D:2:      gammafunk_temple_overflow_forgotten, corexii_shack, uniq_natasha
D:3:      first_ration
D:4:      cheibriados_altar_1

Skill      XL: |  1  2  3  4  5 |
---------------+----------------+-----
Conjurations   | 2 3 4 |  4.2
Spellcasting   | 4 |  4.0
Air Magic      | 3 |  3.8
Dodging        | |  1.8
Stealth        | |  1.9

Action                   |  1- 3 |  4- 6 || total
-------------------------+-------+-------++-------
Melee: Unarmed           |    57 |       ||    57
       Dagger            |    13 |    52 ||    65
 Cast: Shock             |    71 |    40 ||   111
  Use: Potion            |     2 |     1 ||     3
       Scroll            |       |     2 ||     2
 Stab: Sleeping          |       |     3 ||     3
  Eat: Chunk             |     3 |     4 ||     7
Armor: Robe              |    26 |    25 ||    51
Dodge: Dodged            |    52 |    35 ||    87

Table legend:
 A = Non-vault XP
 B = Vault XP
 C = Vault XP percentage of total XP
 D = Non-vault monster count
 E = Vault monster count
 F = Vault count percentage of total count
                 A         B        C        D         E       F
            +---------+---------+-------+---------+---------+-------
      Total |     482 |      38 |   7.3 |      60 |       2 |   3.2
            +---------+---------+-------+---------+---------+-------
        D:1 |      25 |       0 |   0.0 |      13 |       0 |   0.0
        D:2 |     140 |      38 |  21.3 |      19 |       2 |   9.5
        D:3 |     113 |       0 |   0.0 |      18 |       0 |   0.0
        D:4 |     204 |       0 |   0.0 |      10 |       0 |   0.0
            +---------+---------+-------+---------+---------+-------
